 Dungeon Crawl Stone Soup version 0.28-a0-384-g9e0c098162 (webtiles) character file.

Game seed: 3415288645814826579

123 freelancePsychic the Caller (level 5, -2/39 HPs)
             Began as a Barachi Summoner on Sept 3, 2021.
             Slain by a gnoll (9 damage)
             ... on level 2 of the Dungeon.
             The game lasted 00:05:22 (3626 turns).

freelancePsychic the Caller (Barachi Summoner)      Turns: 3626, Time: 00:05:23

Health: -2/39      AC:  2    Str: 10    XL:     5   Next: 7%
Magic:  5/8        EV: 12    Int: 16    God:
Gold:   51         SH:  0    Dex: 12    Spells: 4/8 levels left

rFire   . . .      SeeInvis .   f - +1 dagger (drain)
rCold   . . .      Faith    .   (no shield)
rNeg    . . .      Spirit   .   a - +0 robe
rPois   .          Reflect  .   (no helmet)
rElec   .          Harm     .   (no cloak)
rCorr   .          Rampage  .   (no gloves)
Will    .....                   (no boots)
Stlth   ++........              (no amulet)
HPRegen 0.13/turn               (no ring)
MPRegen 0.11/turn               (no ring)

@: slow
A: amphibious, slowness 1, strong legs 1, +LOS
a: Hop


You were on level 2 of the Dungeon.
You visited 1 branch of the dungeon, and saw 3 of its levels.

You collected 51 gold pieces.

Inventory:

Hand Weapons
 b - a +2 vampiric dagger
 f - a +1 dagger of draining (weapon)
Armour
 a - a +0 robe (worn)
 d - a +1 ring mail
Scrolls
 e - a scroll of acquirement {unknown}
 h - a scroll of brand weapon {unknown}
Potions
 c - a potion of degeneration {unknown}
 g - a potion of cancellation {unknown}


   Skills:
 + Level 2.4 Fighting
 + Level 0.6 Short Blades
 - Level 2.1 Dodging
 - Level 1.7 Stealth
 - Level 2.1 Spellcasting
 + Level 6.8 Summonings


You had 4 spell levels left.
You knew the following spells:

 Your Spells              Type           Power      Damage    Failure   Level
a - Summon Small Mammal   Summ           92%        N/A       1%          1
b - Call Canine Familiar  Summ           23%        N/A       3%          3

Your spell library contained the following spells:

 Spells                   Type           Power      Damage    Failure   Level
 Call Imp                 Summ           23%        N/A       1%          2
 Summon Guardian Golem    Hex/Summ       12%        N/A       16%         3
 Summon Lightning Spire   Summ/Air       12%        N/A       45%         4


Dungeon Overview and Level Annotations

Branches:
Dungeon (3/15)

Altars:


Innate Abilities, Weirdness & Mutations

You are amphibious.
You cover ground slowly.
You can hop short distances.
You have an extended range of vision and can be seen from far away.


Message History

There is a stone staircase leading down here.
You are too injured to fight recklessly!
Casting: Call Canine Familiar (dangerous; 3% risk of failure)
Confirm with . or Enter, or press ? or * to list all spells.
The gnoll hits you with a +0 whip!
You closely miss the gnoll. The gnoll hits you with a +0 whip.
* * * LOW HITPOINT WARNING * * *
You barely miss the gnoll. Your hound misses the gnoll. The gnoll misses you.
Your hound closely misses the gnoll.
The gnoll closely misses your hound.
Your hound bites the gnoll but does no damage.
Your hound bites the gnoll.
The gnoll completely misses your hound.
Your hound barely misses the gnoll.
The gnoll hits your hound with a +0 whip!
Your hound barely misses the gnoll.
The gnoll barely misses your hound.
Your hound bites the gnoll. x2
The gnoll dies!
You have reached level 5!
Your hound disappears in a puff of smoke!
Magic restored.
HP restored.
There is a stone staircase leading down, spattered with blood here.
Things that are here:
a +0 whip; a gnoll skeleton You see here a +0 trident.
You see here 13 arrows.
There is a stone staircase leading down here.
You climb downwards.
The gnoll misses you.
Found 18 gold pieces.
There is a stone staircase leading up here.
There are monsters nearby!
The gnoll hits you with a +0 halberd!
You climb upwards.
There is a stone staircase leading down here.
Casting: Call Canine Familiar (dangerous; 3% risk of failure)
Confirm with . or Enter, or press ? or * to list all spells.
The gnoll hits you with a +0 halberd.
The gnoll hits you from afar with a +0 halberd!
* * * LOW HITPOINT WARNING * * *
The gnoll hits you from afar with a +0 halberd!
You die...

######.......##..### #.#
#.......###.#######.#
###...####..........########
###...# #..######..........
#....## #.........(....####
####.##.#####.#............# #
###...........g...######.....####
....#####.#####>#### #..........
###(# #.### #.@h.#####(....#.##
....# #...######.........†...#
.##.# #......# #.#####.#.#.#.#
.##.#####.#.##.###.####...##.#.#
.##.......#.##.............#.#.#
.#####.####.######.##......<.#.#
.# #.## #.# #.#.........#.# .#
#..# #.# #.##...<..>##.# .# ##.#
#.# #.###......##.#


You could see a gnoll (ally target) and a friendly hound (summoned).

Vanquished Creatures
  Robin (D:2)
  A gnoll (D:3)
  A worm (D:2)
  5 ball pythons
  An endoplasm (D:2)
  2 giant cockroaches (D:1)
  7 goblins
  A hobgoblin (D:2)
  3 quokkas
  2 bats (D:1)
  3 frilled lizards
  A kobold (D:1)
  4 rats
32 creatures vanquished.

Vanquished Creatures (collateral kills)
  Terence (D:2)
  A gnoll (D:2)
  A worm (D:2)
  2 bats (D:1)
  2 endoplasms
  2 giant cockroaches
  5 goblins
  3 hobgoblins
  3 jackals (D:2)
  2 kobolds (D:1)
  5 ball pythons
  2 rats (D:1)
29 creatures vanquished.

Grand Total: 61 creatures vanquished

Notes
Turn   | Place    | Note
-------+----------+-------------------------------------------
     0 | D:1      | freelancePsychic the Barachi Summoner began the quest for
                  | the Orb.
     0 | D:1      | Reached XP level 1. HP: 13/13 MP: 3/3
   176 | D:1      | Reached skill level 5 in Summonings
   253 | D:1      | Reached XP level 2. HP: 12/19 MP: 1/5
  1443 | D:1      | Reached skill level 6 in Summonings
  1443 | D:1      | Reached XP level 3. HP: 13/24 MP: 3/6
  1451 | D:1      | Learned a level 3 spell: Call Canine Familiar
  1745 | D:1      | Found a faded altar of an unknown god.
  2535 | D:2      | Noticed Terence
  2538 | D:2      | Reached skill level 1 in Fighting
  2554 | D:2      | Killed Terence
  2555 | D:2      | Reached XP level 4. HP: 11/33 MP: 3/7
  2879 | D:2      | Noticed Robin
  2889 | D:2      | Killed Robin
  3344 | D:2      | Reached XP level 5. HP: 8/39 MP: 2/8
  3626 | D:2      | Slain by a gnoll

Illustrated notes

Levels and vault maps discovered:
D:1:      psy_arrival_basics, layout_basic, shapermc_ecumenical_altar_hornbeckon
D:2:      layout_loops_ring, corexii_leaking_fountain, uniq_terence, uniq_robin
D:3:      layout_basic

Skill      XL: |  1  2  3  4 |
---------------+-------------+-----
Summonings     | 5 6 |  6.8
Fighting       | 1 2 |  2.4
Short Blades   | |  0.6
Dodging        | |  2.1
Stealth        | |  1.7
Spellcasting   | |  2.1

Action                   |  1- 3 |  4- 6 || total
-------------------------+-------+-------++-------
Melee: Unarmed           |    50 |       ||    50
       Dagger            |    82 |    23 ||   105
 Cast: Summon Small Mamm |    34 |       ||    34
       Call Canine Famil |     3 |     5 ||     8
 Abil: Hop               |     1 |       ||     1
  Use: Scroll            |     3 |     2 ||     5
       Potion            |     1 |       ||     1
 Stab: Distracted        |     3 |       ||     3
       Sleeping          |     4 |     2 ||     6
Armor: Robe              |    33 |     1 ||    34
Dodge: Dodged            |   118 |    12 ||   130

Table legend: (Time is in decaauts)
 A = Elapsed time spent in this place.
 B = Non-inter-level travel time spent in this place.
 C = Inter-level travel time spent in this place.
 D = Time resting spent in this place.
 E = Time spent auto-exploring this place.
 F = Levels seen in this place.
 G = Mean time per level.
                   A        B        C        D        E       F      G
               +--------+--------+--------+--------+--------+-----+--------+
         Total |   3901 |   3790 |    111 |    111 |   3115 |   3 | 1300.3 |
       Dungeon |   3901 |   3790 |    111 |    111 |   3115 |   3 | 1300.3 |
               +--------+--------+--------+--------+--------+-----+--------+

Top non-repeatable levels by time:
     D:1: 2199 daAuts
     D:2: 1690 daAuts
     D:3: 11 daAuts
